| TOP OF THE 1ST |
|
Omaha Storm Chasers batting - Pitching for New Orleans Brass : RHP Brian Holman
|
|
Pitching: RHP Brian Holman
|
|
|
Batting: RHB Roberto Mejia
|
0-0: Foul Ball, location: 2F 0-1: Ball 1-1: Called Strike 1-2: Ball 2-2: Ground out 1-3 (Groundball, 34S, EV 87.5 MPH)
|
|
Batting: RHB Eduardo Perez
|
0-0: Called Strike 0-1: SINGLE (Groundball, 56D, EV 95.0 MPH)
|
|
Batting: RHB Matt Mieske
|
0-0: Ball 1-0: Ball 2-0: Ball 3-0: Called Strike 3-1: 2-RUN HOME RUN (Flyball, 8RXD, EV 88.8 MPH), Distance : 428 ft
|
|
Batting: RHB Hensley Meulens
|
0-0: Ball 1-0: Ball 2-0: Ball 3-0: Ground out 4-3 (Groundball, 4, EV 85.0 MPH)
|
|
Batting: SHB Javier Valentin
|
0-0: Fly out, F5 (Line Drive, 5, EV 69.4 MPH)
|
| Top of the 1st over - 2 runs, 2 hits, 0 errors, 0 left on base; Omaha 2 - New Orleans 0 |
| BOTTOM OF THE 1ST |
|
New Orleans Brass batting - Pitching for Omaha Storm Chasers : RHP Mark Leiter
|
|
Pitching: RHP Mark Leiter
|
|
|
Batting: SHB Cecil Espy
|
0-0: Bunt missed! 0-1: Foul Ball, location: 2F 0-2: Strikes out looking
|
|
Batting: SHB Ruben Sierra
|
0-0: Ground out U3 (Groundball, 3, EV 100.6 MPH)
|
|
Batting: RHB Scott Brosius
|
0-0: Ball 1-0: Foul Ball, location: 2F 1-1: Foul Ball, location: 2F 1-2: Ball 2-2: Ball 3-2: Ground out 5-3 (Groundball, 5, EV 103.1 MPH)
|
| Bottom of the 1st over - 0 runs, 0 hits, 0 errors, 0 left on base; Omaha 2 - New Orleans 0 |
| TOP OF THE 2ND |
|
Omaha Storm Chasers batting - Pitching for New Orleans Brass : RHP Brian Holman
|
|
Batting: RHB Riccardo Ingram
|
0-0: Ball 1-0: SINGLE (Groundball, 56D, EV 95.6 MPH)
|
|
Batting: RHB Henry Blanco
|
0-0: Ball 1-0: Ball 2-0: Called Strike 2-1: Foul Ball, location: 2F 2-2: Grounds into double play, 4-6-3 (Groundball, 4S, EV 79.4 MPH)
|
|
Batting: SHB Kerwin Moore
|
0-0: Swinging Strike 0-1: SINGLE (Groundball, 56, EV 96.3 MPH) (infield hit)
|
|
Batting: SHB Pablo Martinez
|
0-0: Ball 1-0: Ball 2-0: Swinging Strike 2-1: Called Strike 2-2: Strikes out swinging
|
| Top of the 2nd over - 0 runs, 2 hits, 0 errors, 1 left on base; Omaha 2 - New Orleans 0 |
| BOTTOM OF THE 2ND |
|
New Orleans Brass batting - Pitching for Omaha Storm Chasers : RHP Mark Leiter
|
|
Batting: SHB Jose L Cruz
|
0-0: Ball 1-0: SINGLE (Groundball, 34D, EV 97.5 MPH)
|
|
Batting: SHB Jose Vidro
|
0-0: Fly out, F9 (Line Drive, 9, EV 86.9 MPH)
|
|
Batting: RHB Dante Powell
|
0-0: Ball 1-0: Fly out, F9 (Flyball, 89S, EV 82.5 MPH)
|
|
Batting: LHB Greg Myers
|
0-0: Ball 1-0: Swinging Strike 1-1: Called Strike 1-2: Ball 2-2: Fly out, F8 (Flyball, 8LD, EV 93.8 MPH)
|
| Bottom of the 2nd over - 0 runs, 1 hit, 0 errors, 1 left on base; Omaha 2 - New Orleans 0 |
| TOP OF THE 3RD |
|
Omaha Storm Chasers batting - Pitching for New Orleans Brass : RHP Brian Holman
|
|
Batting: RHB Roberto Mejia
|
0-0: Ball 1-0: Fly out, F9 (Flyball, 89XD, EV 104.4 MPH)
|
|
Batting: RHB Eduardo Perez
|
0-0: Ground out 5-3 (Groundball, 56, EV 94.4 MPH)
|
|
Batting: RHB Matt Mieske
|
0-0: Ball 1-0: Foul Ball, location: 2F 1-1: Swinging Strike 1-2: Foul Ball, location: 2F 1-2: Strikes out swinging
|
| Top of the 3rd over - 0 runs, 0 hits, 0 errors, 0 left on base; Omaha 2 - New Orleans 0 |
| BOTTOM OF THE 3RD |
|
New Orleans Brass batting - Pitching for Omaha Storm Chasers : RHP Mark Leiter
|
|
Batting: SHB Wilson Delgado
|
0-0: Foul Ball, location: 2F 0-1: Swinging Strike 0-2: Ball 1-2: Strikes out swinging
|
|
Batting: RHB Luis Ordaz
|
0-0: Ball 1-0: Called Strike 1-1: Ball 2-1: Ball 3-1: Ground out 4-3 (Groundball, 4M, EV 84.4 MPH)
|
|
Batting: SHB Cecil Espy
|
0-0: Called Strike 0-1: Ball 1-1: Foul Ball, location: 2F 1-2: Ball 2-2: Ball 3-2: Strikes out swinging
|
| Bottom of the 3rd over - 0 runs, 0 hits, 0 errors, 0 left on base; Omaha 2 - New Orleans 0 |
| TOP OF THE 4TH |
|
Omaha Storm Chasers batting - Pitching for New Orleans Brass : RHP Brian Holman
|
|
Batting: RHB Hensley Meulens
|
0-0: Called Strike 0-1: Swinging Strike 0-2: Ball 1-2: Foul Ball, location: 2F 1-2: Foul Ball, location: 2F 1-2: Foul Ball, location: 2F 1-2: Strikes out swinging
|
|
Batting: SHB Javier Valentin
|
0-0: Ground out 4-3 (Groundball, 4M, EV 82.5 MPH)
|
|
Batting: RHB Riccardo Ingram
|
0-0: Called Strike 0-1: Fly out, F4 (Popup, 34D, EV 65.0 MPH)
|
| Top of the 4th over - 0 runs, 0 hits, 0 errors, 0 left on base; Omaha 2 - New Orleans 0 |
| BOTTOM OF THE 4TH |
|
New Orleans Brass batting - Pitching for Omaha Storm Chasers : RHP Mark Leiter
|
|
Batting: SHB Ruben Sierra
|
0-0: Ball 1-0: Ball 2-0: Ball 3-0: Ground out U3 (Groundball, 3, EV 102.5 MPH)
|
|
Batting: RHB Scott Brosius
|
0-0: Ball 1-0: SINGLE (Groundball, 6MD, EV 95.0 MPH)
|
|
Batting: SHB Jose L Cruz
|
0-0: Ball 1-0: Foul Ball, location: 2F 1-1: Swinging Strike 1-2: Strikes out looking
|
|
Batting: SHB Jose Vidro
|
0-0: Ball 1-0: Foul Ball, location: 2F 1-1: Ball 2-1: Called Strike 2-2: Foul Ball, location: 2F 2-2: Strikes out swinging
|
| Bottom of the 4th over - 0 runs, 1 hit, 0 errors, 1 left on base; Omaha 2 - New Orleans 0 |
| TOP OF THE 5TH |
|
Omaha Storm Chasers batting - Pitching for New Orleans Brass : RHP Brian Holman
|
|
Batting: RHB Henry Blanco
|
0-0: Foul Ball, location: 2F 0-1: Ball 1-1: Fly out, F9 (Flyball, 89D, EV 83.1 MPH)
|
|
Batting: SHB Kerwin Moore
|
0-0: Ball 1-0: Foul Ball, location: 2F 1-1: Called Strike 1-2: Foul Ball, location: 2F 1-2: Ball 2-2: Ball 3-2: Strikes out swinging
|
|
Batting: SHB Pablo Martinez
|
0-0: Ball 1-0: Fly out, F8 (Flyball, 8LXD, EV 106.3 MPH)
|
| Top of the 5th over - 0 runs, 0 hits, 0 errors, 0 left on base; Omaha 2 - New Orleans 0 |
| BOTTOM OF THE 5TH |
|
New Orleans Brass batting - Pitching for Omaha Storm Chasers : RHP Mark Leiter
|
|
Batting: RHB Dante Powell
|
0-0: Ball 1-0: Ball 2-0: Ball 3-0: Base on Balls
|
|
Batting: LHB Greg Myers
|
0-0: SINGLE (Groundball, 6MD, EV 96.3 MPH) Dante Powell to second Runner from 2nd tries for 3rd, SAFE, throw by CF made to third
|
|
Batting: SHB Wilson Delgado
|
0-0: Ground out U3 (Groundball, 34S, EV 82.5 MPH) Dante Powell scores Greg Myers to second
|
|
Batting: RHB Luis Ordaz
|
0-0: Called Strike 0-1: Foul Ball, location: 2F 0-2: Strikes out looking
|
|
Batting: SHB Cecil Espy
|
0-0: Called Strike 0-1: Fly out, F7 (Flyball, 7LS, EV 88.1 MPH)
|
| Bottom of the 5th over - 1 run, 1 hit, 0 errors, 1 left on base; Omaha 2 - New Orleans 1 |
| TOP OF THE 6TH |
|
Omaha Storm Chasers batting - Pitching for New Orleans Brass : RHP Brian Holman
|
|
Batting: RHB Roberto Mejia
|
0-0: Ball 1-0: Ball 2-0: Ball 3-0: Called Strike 3-1: Base on Balls
|
|
Batting: RHB Eduardo Perez
|
0-0: Ball 1-0: Swinging Strike 1-1: Ball 2-1: SINGLE (Groundball, 34D, EV 103.8 MPH) Roberto Mejia to second Runner from 2nd tries for 3rd, SAFE, no throw by RF
|
|
Batting: RHB Matt Mieske
|
0-0: Ball 1-0: Foul Ball, location: 2F 1-1: Ball 2-1: Fly out, F7 (Flyball, 7, EV 96.9 MPH) Runner from 3rd tags up, SCORES, no throw by LF
|
|
Batting: RHB Hensley Meulens
|
0-0: Ball 1-0: Ball 2-0: Called Strike 2-1: Foul Ball, location: 2F 2-2: Strikes out swinging
|
|
Batting: SHB Javier Valentin
|
0-0: Called Strike 0-1: Swinging Strike 0-2: Ball 1-2: Ball 2-2: 2-RUN HOME RUN (Flyball, 9LD, EV 91.3 MPH) (Inside the Park)
|
|
Pitching: RHP Gar Finnvold
|
|
|
Batting: RHB Riccardo Ingram
|
0-0: Foul Ball, location: 2F 0-1: Ball 1-1: Ball 2-1: Foul Ball, location: 2F 2-2: DOUBLE (Line Drive, 8LD, EV 106.3 MPH)
|
|
Batting: RHB Henry Blanco
|
0-0: Called Strike 0-1: Ball 1-1: Swinging Strike 1-2: Ball 2-2: Strikes out looking
|
| Top of the 6th over - 3 runs, 3 hits, 0 errors, 1 left on base; Omaha 5 - New Orleans 1 |
| BOTTOM OF THE 6TH |
|
New Orleans Brass batting - Pitching for Omaha Storm Chasers : RHP Mark Leiter
|
|
Batting: SHB Ruben Sierra
|
0-0: Ball 1-0: Foul Ball, location: 2F 1-1: Ball 2-1: Ball 3-1: DOUBLE (Groundball, 3L, EV 94.4 MPH)
|
|
Batting: RHB Scott Brosius
|
0-0: Ball 1-0: Ball 2-0: 2-RUN HOME RUN (Flyball, 78XD, EV 107.5 MPH), Distance : 405 ft
|
|
Batting: SHB Jose L Cruz
|
0-0: Ball 1-0: Ball 2-0: Swinging Strike 2-1: Fly out, F8 (Flyball, 8LD, EV 90.0 MPH)
|
|
Batting: SHB Jose Vidro
|
0-0: Called Strike 0-1: Called Strike 0-2: Reached on error, E1 (Groundball, 13S, EV 72.5 MPH)
|
|
Batting: RHB Dante Powell
|
0-0: Ball 1-0: Fly out, F5 (Line Drive, 5, EV 66.3 MPH)
|
|
Batting: LHB Greg Myers
|
0-0: Foul Ball, location: 2F 0-1: Ball 1-1: Ball 2-1: SINGLE (Line Drive, 78S, EV 91.9 MPH) Jose Vidro to second
|
|
Batting: SHB Wilson Delgado
|
0-0: Fielders Choice at 2nd, 5-4 (Groundball, 5, EV 108.8 MPH)
|
| Bottom of the 6th over - 2 runs, 3 hits, 1 error, 2 left on base; Omaha 5 - New Orleans 3 |
| TOP OF THE 7TH |
|
Omaha Storm Chasers batting - Pitching for New Orleans Brass : RHP Gar Finnvold
|
|
Batting: SHB Kerwin Moore
|
0-0: Called Strike 0-1: Swinging Strike 0-2: Ball 1-2: Ground out 5-3 (Groundball, 56, EV 83.8 MPH)
|
|
Batting: SHB Pablo Martinez
|
0-0: Called Strike 0-1: Called Strike 0-2: Foul Ball, location: 2F 0-2: Ball 1-2: SINGLE (Groundball, 34D, EV 100.6 MPH)
|
|
Batting: RHB Roberto Mejia
|
0-0: Ball 1-0: Foul Ball, location: 2F 1-1: Ball 2-1: Called Strike 2-2: Ball 3-2: Strikes out swinging Pablo Martinez steals 2nd base Batter strikes out.
|
|
Batting: RHB Eduardo Perez
|
0-0: Called Strike 0-1: Ball 1-1: Foul Ball, location: 2F 1-2: Strikes out swinging
|
| Top of the 7th over - 0 runs, 1 hit, 0 errors, 1 left on base; Omaha 5 - New Orleans 3 |
| BOTTOM OF THE 7TH |
|
New Orleans Brass batting - Pitching for Omaha Storm Chasers : RHP Mark Leiter
|
|
Batting: RHB Luis Ordaz
|
0-0: Ball 1-0: Foul Ball, location: 2F 1-1: Called Strike 1-2: Fly out, F4 (Popup, 4MD, EV 72.5 MPH)
|
|
Batting: SHB Cecil Espy
|
0-0: Called Strike 0-1: Ball 1-1: SINGLE (Groundball, 4MD, EV 101.3 MPH)
|
|
Batting: SHB Ruben Sierra
|
0-0: Ball 1-0: Called Strike Cecil Espy steals 2nd base (no throw) 1-1: Foul Ball, location: 2F 1-2: Ball 2-2: Ground out 4-3 (Groundball, 4, EV 78.8 MPH) Cecil Espy to third
|
|
Batting: RHB Scott Brosius
|
0-0: Called Strike 0-1: Ball 1-1: Swinging Strike 1-2: Ball 2-2: Ball 3-2: Base on Balls
|
|
Batting: SHB Jose L Cruz
|
0-0: Fly out, F9 (Flyball, 89M, EV 88.1 MPH)
|
| Bottom of the 7th over - 0 runs, 1 hit, 0 errors, 2 left on base; Omaha 5 - New Orleans 3 |
| TOP OF THE 8TH |
|
Omaha Storm Chasers batting - Pitching for New Orleans Brass : RHP Gar Finnvold
|
|
Batting: RHB Matt Mieske
|
0-0: Ball 1-0: Ball 2-0: SOLO HOME RUN (Flyball, 7D, EV 96.3 MPH), Distance : 376 ft
|
|
Batting: RHB Hensley Meulens
|
0-0: Foul Ball, location: 2F 0-1: Ball 1-1: Swinging Strike 1-2: Foul Ball, location: 2F 1-2: SINGLE (Flyball, 7S, EV 93.1 MPH)
|
|
Pitching: RHP Jose Paniagua
|
|
|
Batting: SHB Javier Valentin
|
0-0: Foul Ball, location: 2F 0-1: DOUBLE (Line Drive, 8RXD, EV 110.0 MPH) Hensley Meulens to third
|
|
Batting: RHB Riccardo Ingram
|
0-0: Ball 1-0: Ball 2-0: Called Strike 2-1: Swinging Strike 2-2: SINGLE (Groundball, 34D, EV 105.6 MPH) Hensley Meulens scores Javier Valentin to third
|
|
Batting: RHB Henry Blanco
|
0-0: Ball 1-0: Ball 2-0: SINGLE (Groundball, 6MD, EV 105.0 MPH) Javier Valentin scores Riccardo Ingram to second Runner from 2nd tries for 3rd, SAFE, throw by CF made to third
|
|
Batting: SHB Kerwin Moore
|
0-0: Called Strike 0-1: Called Strike 0-2: Ball 1-2: Fly out, F3 (Popup, 3SF, EV 72.5 MPH)
|
|
Batting: SHB Pablo Martinez
|
0-0: Ball 1-0: Ball 2-0: Foul Ball, location: 2F 2-1: Ball 3-1: Base on Balls Henry Blanco to second
|
|
Batting: RHB Roberto Mejia
|
0-0: Ball 1-0: Ball 2-0: Ball 3-0: Base on Balls Riccardo Ingram scores Henry Blanco to third Pablo Martinez to second
|
|
Batting: RHB Eduardo Perez
|
0-0: Called Strike 0-1: Ball 1-1: Called Strike 1-2: Foul Ball, location: 2F 1-2: Foul Ball, location: 2F 1-2: Ball 2-2: Foul Ball, location: 2F 2-2: Fly out, F6 (Popup, 6MS, EV 66.9 MPH)
|
|
Batting: RHB Matt Mieske
|
0-0: Ball 1-0: Ball 2-0: Foul Ball, location: 2F 2-1: Ball 3-1: Base on Balls Henry Blanco scores Pablo Martinez to third Roberto Mejia to second
|
|
Batting: RHB Hensley Meulens
|
0-0: Foul Ball, location: 2F 0-1: Ball 1-1: Ball 2-1: Called Strike 2-2: Strikes out looking
|
| Top of the 8th over - 5 runs, 5 hits, 0 errors, 3 left on base; Omaha 10 - New Orleans 3 |
| BOTTOM OF THE 8TH |
|
New Orleans Brass batting - Pitching for Omaha Storm Chasers : RHP Mark Leiter
|
|
Pitching: LHP Allen McDill
|
|
|
Batting: SHB Jose Vidro
|
0-0: Called Strike 0-1: Ball 1-1: SINGLE (Groundball, 34D, EV 106.9 MPH)
|
|
Batting: RHB Dante Powell
|
0-0: Foul Ball, location: 2F 0-1: Foul Ball, location: 2F 0-2: Ball 1-2: Foul Ball, location: 2F 1-2: Ball 2-2: Foul Ball, location: 2F 2-2: DOUBLE (Groundball, 5L, EV 106.9 MPH) Jose Vidro to third Runner from 3rd tries for Home, SAFE, throw by LF to home
|
|
Batting: LHB Greg Myers
|
0-0: Ball 1-0: Ball 2-0: Ground out 1-3 (Groundball, 13, EV 85.6 MPH) Dante Powell to third
|
|
Batting: SHB Wilson Delgado
|
0-0: SINGLE (Line Drive, 4M, EV 95.0 MPH) Dante Powell scores
|
|
Batting: RHB Luis Ordaz
|
0-0: SINGLE (Flyball, 7LS, EV 90.6 MPH) Wilson Delgado to second
|
|
Batting: SHB Cecil Espy
|
0-0: Fielders Choice at 2nd, 5-4 (Groundball, 56, EV 103.8 MPH) Wilson Delgado to third
|
|
Batting: SHB Ruben Sierra
|
0-0: Called Strike 0-1: Ball 1-1: Ball 2-1: SINGLE (Line Drive, 7LS, EV 100.6 MPH) Wilson Delgado scores Cecil Espy to second
|
|
Pitching: RHP Matt Turner
|
|
|
Batting: RHB Scott Brosius
|
0-0: Called Strike 0-1: Ball 1-1: Ball 2-1: Foul Ball, location: 2F 2-2: Ball 3-2: Fly out, F4 (Popup, 34, EV 57.5 MPH)
|
| Bottom of the 8th over - 3 runs, 5 hits, 0 errors, 2 left on base; Omaha 10 - New Orleans 6 |
| TOP OF THE 9TH |
|
Omaha Storm Chasers batting - Pitching for New Orleans Brass : RHP Jose Paniagua
|
|
Pitching: RHP Cris Carpenter
|
|
|
Batting: SHB Javier Valentin
|
0-0: Ground out 4-3 (Groundball, 34, EV 100.6 MPH)
|
|
Batting: RHB Riccardo Ingram
|
0-0: Called Strike 0-1: Ball 1-1: Ball 2-1: Swinging Strike 2-2: Foul Ball, location: 2F 2-2: Ball 3-2: Foul Ball, location: 2F 3-2: Foul Ball, location: 2F 3-2: Strikes out swinging
|
|
Batting: RHB Henry Blanco
|
0-0: Ball 1-0: Called Strike 1-1: Foul Ball, location: 2F 1-2: Strikes out looking
|
| Top of the 9th over - 0 runs, 0 hits, 0 errors, 0 left on base; Omaha 10 - New Orleans 6 |
| BOTTOM OF THE 9TH |
|
New Orleans Brass batting - Pitching for Omaha Storm Chasers : RHP Matt Turner
|
|
Batting: SHB Jose L Cruz
|
0-0: Ball 1-0: Ball 2-0: Ball 3-0: Called Strike 3-1: Called Strike 3-2: SINGLE (Groundball, 34D, EV 98.1 MPH)
|
|
Batting: SHB Jose Vidro
|
0-0: Ball 1-0: Called Strike 1-1: Ball 2-1: Foul Ball, location: 2F 2-2: Ball 3-2: Base on Balls Jose L Cruz to second
|
|
Pitching: LHP Tony J. Castillo
|
|
|
Batting: RHB Dante Powell
|
0-0: Swinging Strike 0-1: Ball 1-1: Swinging Strike 1-2: Foul Ball, location: 2F 1-2: Strikes out swinging
|
|
Batting: LHB Greg Myers
|
0-0: Ball 1-0: Ball 2-0: Fly out, F9 (Line Drive, 9D, EV 91.9 MPH)
|
|
Now at 1B: Mike Figga
|
|
|
Batting: SHB Wilson Delgado
|
0-0: Called Strike 0-1: Ball 1-1: Ball 2-1: Swinging Strike 2-2: Strikes out looking
|
| Bottom of the 9th over - 0 runs, 1 hit, 0 errors, 2 left on base; Omaha 10 - New Orleans 6 |
|